Map: Catalyst LE

Players

INnoVation - Winner!

  • Race: Terran Terran
  • Spawn Location: 5:00

Neeb

  • Race: Protoss Protoss
  • Spawn Location: 11:00

Event: 2018 Hangzhou StarCraft Carnival

VOD

Have the link to the VOD?

Description

Time

  • Played on: April 29, 2018, 12:27 a.m.
  • Length: 12:22

All games in this series

Show
View Real Time Build Order
Export as new Build Order

INnoVation Terran - Winner!

Build Orders: Cyclone Opening, Gas First Reaper Expand, Reaper Expand, MMM Bio 

Get SALT Encoding   

  12  0:00  SCV  
  13  0:12  SCV  
  14  0:17  Supply Depot  
  14  0:24  SCV  
  14  0:27  Refinery  
  15  0:38  SCV  
  16  0:44  Barracks  
  16  0:50  SCV  
  17  1:03  SCV  
  18  1:15  SCV  
  19  1:31  Reaper, Orbital Command  
  20  1:43  Command Center  
  20  1:48  Refinery  
  20  1:59  Factory  
  20  2:04  Barracks Reactor  
  20  2:05  SCV  
  21  2:17  SCV  
  21  2:22  Supply Depot  
  22  2:29  SCV  
  24  2:44  SCV  
  24  2:49  Cyclone x2  
  30  2:56  SCV, Orbital Command  
  31  3:02  Barracks Tech Lab  
  31  3:08  SCV  
  32  3:21  Hellion x2  
  32  3:22  Marine  
  32  3:23  Stimpack  
  32  3:24  SCV x2  
  39  3:29  Supply Depot  
  39  3:36  SCV x2  
  39  3:40  Barracks  
  41  3:44  Marine  
  42  3:50  Barracks  
  42  3:51  Factory Reactor  
  41  3:56  SCV x2  
  43  4:08  SCV  
  43  4:09  SCV  
  42  4:11  Marauder  
  42  4:12  Bunker  
  41  4:21  SCV x2  
  41  4:23  Engineering Bay  
  41  4:27  Engineering Bay  
  41  4:33  SCV x2, Marauder  
  43  4:39  Barracks Tech Lab  
  43  4:41  Marine, Starport  
  43  4:43  Marine  
  43  4:45  Factory Reactor  
  45  4:46  Supply Depot  
  45  4:52  SCV x2  
  47  4:54  Terran Infantry Weapons Level 1  
  47  4:56  Refinery  
  47  4:59  Marauder  
  49  5:01  Marine  
  49  5:03  Marauder  
  49  5:04  Marine  
  49  5:06  Combat Shields  
  53  5:11  Supply Depot  
  53  5:15  Terran Infantry Armor Level 1  
  53  5:16  SCV  
  53  5:17  SCV  
  53  5:21  Marine  
  55  5:22  Marine  
  55  5:27  Refinery  
  57  5:29  Marauder x2  
  60  5:36  SCV x2  
  60  5:38  Supply Depot  
  60  5:40  Supply Depot  
  60  5:41  Medivac  
  60  5:42  Medivac  
  66  5:43  Marine  
  66  5:44  Marine  
  66  5:46  Concussive Shells  
  69  5:50  SCV x2  
  70  5:59  Widow Mine, Marauder x2  
  70  6:00  Widow Mine  
  78  6:04  Supply Depot  
  78  6:10  Marine  
  78  6:11  Marine  
  80  6:16  SCV x2  
  82  6:18  Supply Depot  
  82  6:21  Marauder x2  
  86  6:26  Widow Mine x2, Medivac x2  
  94  6:33  Supply Depot  
  94  6:39  Marine  
  94  6:40  SCV x2, Marine  
  94  6:42  Marauder x2  
  102  6:47  Liberator  
  102  6:48  Liberator  
  102  6:55  Command Center, Widow Mine x2  
  108  7:11  Supply Depot  
  108  7:13  Supply Depot  
  99  7:25  Marine x2, Marauder x2  
  94  7:30  Barracks  
  94  7:31  Barracks  
  94  7:32  Widow Mine x2  
  95  7:43  SCV x2  
  83  7:51  Marine, Marauder x2  
  83  7:53  Widow Mine  
  83  7:58  SCV x2, Widow Mine, Medivac x2  
  92  8:08  Orbital Command  
  92  8:11  Marine, Liberator  
  92  8:12  Marine  
  96  8:13  Marauder x2  
  96  8:15  SCV x2, Liberator  
  96  8:16  Widow Mine  
  96  8:19  Widow Mine, Barracks Reactor  
  104  8:20  Barracks Tech Lab  
  104  8:27  SCV  
  104  8:28  SCV, Armory  
  112  8:38  SCV, Widow Mine  
  112  8:39  SCV  
  112  8:40  SCV, Widow Mine  
  119  8:42  Marauder x2  
  119  8:44  Marauder  
  119  8:47  Marine x2, Supply Depot  
  127  8:52  SCV x3, Refinery x2  
  127  8:55  Supply Depot  
  130  9:02  Marine x2  
  130  9:03  Marauder  
  130  9:04  Marine, Marauder  
  130  9:05  Marine, Widow Mine  
  130  9:09  Widow Mine, Marauder  
  144  9:11  Medivac, Supply Depot  
  144  9:15  Medivac  
  148  9:19  SCV x3  
  148  9:23  Supply Depot x2  
  151  9:28  Marine x2, Marauder x2  
  157  9:32  Marine x2  
  157  9:33  Widow Mine x2, Marauder  
  157  9:37  Supply Depot  
  165  9:40  Terran Infantry Weapons Level 2  
  164  9:47  Terran Infantry Armor Level 2  
  164  9:52  Marauder x2  
  168  9:54  Marauder  
  168  9:55  Marine x4  
  168  9:56  Widow Mine  
  168  9:57  Widow Mine  
  178  10:07  Command Center  
  178  10:15  Supply Depot  
  178  10:18  Marauder x2  
  178  10:19  Marauder  
  182  10:22  Ghost Academy  
  182  10:27  Marine x3  
  182  10:28  Marine  
  186  10:35  Widow Mine x2  
  156  10:45  Medivac x2  
  156  10:47  Marine x4  
  156  10:52  Ghost x2  
  156  10:53  Ghost  
  159  11:04  Marine, Widow Mine x2  
  159  11:05  Marine x3  
  162  11:21  Ghost x3  
  162  11:22  Marine x2  
  162  11:23  Marine x2  
  172  11:27  Widow Mine x2  
  172  11:31  Planetary Fortress  
  176  11:33  Refinery x2  
  176  11:35  SCV  
  176  11:36  SCV x2  
  177  11:47  Medivac x2  
  177  11:48  Marine x3, Widow Mine x2  
  177  11:49  Marine  
  190  11:54  SCV x3  
Show
View Real Time Build Order
Export as new Build Order

Neeb Protoss 

Build Orders: 1 Gate Expand, Blink Stalkers 

Get SALT Encoding   

  12  0:02  Probe  
  14  0:14  Probe  
  14  0:17  Pylon  
  14  0:25  Probe  
  15  0:33  Probe  
  15  0:37  Gateway  
  15  0:41  Probe  
  16  0:48  Assimilator  
  17  0:52  Probe  
  18  1:04  Probe  
  19  1:16  Probe  
  20  1:26  Nexus  
  20  1:36  Cybernetics Core  
  20  1:37  Probe  
  21  1:42  Assimilator  
  21  1:49  Probe  
  21  1:50  Pylon  
  22  2:01  Probe  
  22  2:02  Stalker  
  23  2:13  Warp Gate, Probe  
  26  2:21  Probe  
  26  2:26  Twilight Council  
  27  2:32  Probe  
  27  2:34  Blink  
  27  2:35  Stalker  
  30  2:39  Probe  
  30  2:44  Probe  
  32  2:51  Probe  
  32  2:56  Probe  
  34  3:03  Probe  
  35  3:08  Probe  
  35  3:12  Stalker  
  38  3:15  Probe  
  38  3:17  Gateway  
  39  3:21  Gateway  
  39  3:23  Probe  
  40  3:29  Probe  
  40  3:30  Shield Battery  
  41  3:36  Probe  
  41  3:39  Pylon  
  41  3:41  Probe  
  45  3:49  Probe  
  45  3:50  Pylon  
  46  3:57  Probe  
  46  4:17  Stalker x2  
  42  4:20  Probe  
  42  4:22  Probe  
  40  4:25  Robotics Facility  
  40  4:28  Probe  
  38  4:32  Stalker  
  38  4:34  Probe  
  38  4:37  Probe  
  42  4:41  Nexus  
  42  4:42  Probe  
  43  4:48  Probe  
  43  4:50  Probe  
  45  4:54  Assimilator  
  45  4:55  Sentry  
  45  4:56  Sentry x2  
  52  5:00  Probe  
  52  5:01  Probe  
  54  5:09  Pylon  
  54  5:13  Forge, Probe x2  
  56  5:17  Forge, Charge  
  56  5:18  Assimilator  
  56  5:22  Observer  
  56  5:25  Probe x2  
  56  5:26  Protoss Ground Weapons Level 1  
  59  5:30  Protoss Ground Armor Level 1  
  59  5:37  Probe x2  
  59  5:39  Gateway  
  59  5:41  Gateway  
  61  5:44  Gateway  
  61  5:57  Pylon  
  61  5:58  Probe x2  
  61  5:59  Probe  
  62  6:11  Stalker x2  
  62  6:15  Stalker  
  62  6:18  Probe x2  
  68  6:19  Shield Battery, Probe  
  69  6:28  Gateway  
  69  6:30  Gateway  
  70  6:37  Zealot x3  
  75  6:41  Sentry  
  75  6:42  Stalker  
  75  6:45  Stalker  
  81  6:51  Probe x2  
  81  6:52  Probe  
  84  6:57  Stalker x2  
  84  7:00  Stalker  
  90  7:05  Stalker  
  92  7:10  Pylon x2  
  90  7:27  Stalker x3  
  90  7:28  Zealot x3  
  90  7:29  Protoss Ground Weapons Level 2  
  94  7:30  Protoss Ground Armor Level 2  
  94  7:32  Probe x2  
  94  7:35  Probe  
  77  7:44  Probe  
  77  7:48  Zealot x4  
  77  7:49  Zealot  
  78  7:56  Probe  
  78  7:57  Probe  
  77  8:01  Probe  
  77  8:03  Sentry x2  
  77  8:04  Sentry  
  84  8:05  Observer  
  84  8:09  Probe  
  86  8:13  Zealot x4  
  93  8:20  Observer  
  93  8:24  Zealot  
  95  8:29  Stalker x3  
  101  8:34  Assimilator x2  
  101  8:37  Zealot x3  
  101  8:38  Pylon  
  108  8:41  Observer  
  108  8:57  Templar Archives  
  108  9:05  Probe  
  108  9:06  Probe  
  110  9:10  Pylon, Nexus  
  110  9:12  Zealot x2  
  110  9:13  Zealot  
  110  9:16  Pylon  
  116  9:18  Pylon  
  116  9:20  Pylon  
  116  9:22  Pylon  
  116  9:29  Stalker x4  
  124  9:35  Stalker x3  
  130  9:50  Warp Prism  
  130  9:53  High Templar x4  
  130  9:54  Zealot  
  130  9:58  Pylon  
  130  9:59  Pylon x2, Zealot x3  
  146  10:00  Archon x2  
  142  10:22  Zealot x4  
  142  10:28  Zealot x4  
  116  10:45  Stalker x3  
  116  10:46  Stalker  
  124  10:50  Zealot x2  
  124  10:51  Zealot x2  
  124  10:53  Probe  
  124  10:55  Probe  
  124  10:57  Probe  
  121  11:05  Probe  
  121  11:08  Probe  
  121  11:09  High Templar x4, Probe  
  132  11:15  Archon x2  
  132  11:16  Zealot x4  
  132  11:17  Probe  
  139  11:32  Nexus  
  139  11:40  High Templar x4  
  139  11:41  High Templar x2  
  139  11:42  Zealot x2  
  155  11:47  Archon x3  
  121  12:09  Stalker  
  121  12:10  Stalker  
  105  12:17  Stalker x6  
Tags
 
Add a new tag
Caveats
  • Supply blocks, unpowered buildings, or Contaminate may cause inaccurate times.
  • Supply counts are checked every 10 seconds.